 Dungeon Crawl Stone Soup version 0.31-a0-1091-g283494c966 (webtiles) character file.

Game seed: 2495241421210417414

59 Flugslaktarn the Shield-Bearer (level 3, 0/49 HPs)
             Began as a Minotaur Fighter on Nov 28, 2023.
             Slain by a gnoll
             ... wielding a +0 spear
              (4 damage)
             ... on level 2 of the Dungeon.
             The game lasted 00:00:33 (1122 turns).

Flugslaktarn the Shield-Bearer (Minotaur Fighter)   Turns: 1122, Time: 00:00:33

Health: 0/49       AC: 21    Str: 22    XL:     3   Next: 78%
Magic:  2/2        EV:  2    Int:  5    God:
Gold:   68         SH: 12    Dex:  9    Spells: 2/2 levels left

rFire   . . .        a - +0 war axe
rCold   . . .        f - +0 tower shield
rNeg    . . .        b - melded +0 scale mail
rPois   +            (helmet currently unavailable)
rElec   .            (cloak currently unavailable)
rCorr   .            (gloves currently unavailable)
SInv    .            (boots currently unavailable)
Will    .....        (no amulet)
Stlth   +            o - ring of poison resistance
HPRegen 0.28/turn    (no ring)
MPRegen 0.08/turn

%: no passive effects
@: tree-form
A: stationary, stasis, torment immunity, boosted hp, (horns 2), (retaliatory
headbutt)
a: no special abilities


You were on level 2 of the Dungeon.
You were a tree.
You visited 1 branch of the dungeon, and saw 2 of its levels.

You collected 68 gold pieces.

Inventory:

Hand Weapons
 a - a +0 war axe (weapon)
Armour
 b - a +0 scale mail (melded)
 c - a +0 buckler
 f - a +0 tower shield (worn)
   (You found it on level 1 of the Dungeon)
Jewellery
 o - a ring of poison resistance (left branch)
   (You found it on level 1 of the Dungeon)
Scrolls
 e - 2 scrolls of identify {unknown}
 g - a scroll of amnesia {unknown}
 i - a scroll of immolation {unknown}
Potions
 d - a potion of might


   Skills:
 + Level 4.1 Fighting
 * Level 3.5 Axes
 + Level 4.0 Armour
 * Level 4.3 Shields


You had 2 spell levels left.
You didn't know any spells.
Your spell library contained the following spells:

 Spells                   Type           Power      Damage    Failure   Level
 Shock                    Conj/Air       0%         1d3       97%         1
 Swiftness                Air            0%         N/A       100%        3
 Airstrike                Air            0%         2d(0-16)  100%        4


Dungeon Overview and Level Annotations

Branches:
Dungeon (2/15)

Altars:

Shops:
D:1 :


Innate Abilities, Weirdness & Mutations

You are a tree.
Your roots penetrate the ground, keeping you stationary.
You cannot be teleported.
You are immune to unholy pain and torment.
Your maximum health is greatly increased.
Your equipment is partially melded.
((You have a pair of horns on your head.))
((You reflexively headbutt those who attack you in melee.))


Message History

No target in view!
No target in view!
A quokka comes into view.
A quokka is nearby!
A quokka is nearby!
You miss the quokka. You block the quokka's attack.
The quokka barely misses you.
You barely miss the quokka. You block the quokka's attack.
The quokka bites you.
You slash the quokka!
You kill the quokka!
No target in view!
No target in view!
HP restored.
You see here a quokka corpse.
A worm comes into view.
A worm is nearby!
A worm is nearby!
Found a leather armour.
The worm bites you but does no damage.
You barely miss the worm. You headbutt the worm.
The worm is lightly wounded.
The worm bites you but does no damage.
You hit the worm.
The worm is moderately wounded.
The worm bites you!
You slash the worm!
The worm is severely wounded.
You block the worm's attack.
You hit the worm.
The worm is almost dead.
You block the worm's attack.
You slash the worm!
You kill the worm!
Your Fighting skill increases to level 4!
You see here a worm corpse.
You see here a worm corpse.
You now have 68 gold pieces (gained 3).
A gnoll comes into view. It is wielding a +0 flail.
The gnoll shouts!
You hear a shout!
A gnoll comes into view. It is wielding a +0 club.
The gnoll shouts!
There are monsters nearby!
A gnoll comes into view. It is wielding a +0 spear.
There are monsters nearby!
You block the gnoll's attack.
You closely miss the gnoll. Your headbutt misses the gnoll.
The gnoll hits you with a +0 flail. You block the gnoll's attack.
You slash the gnoll!
The gnoll is severely wounded.
The gnoll hits you but does no damage.
You slash the gnoll!
You kill the gnoll!
The gnoll hits you from afar with a +0 spear.
The gnoll hits you but does no damage.
A gnoll comes into view. It is wielding a +0 spear.
You have reached level 3!
Your experience leads to an increase in your attributes!
Increase (s)trength, (i)ntelligence, or (d)exterity?
You feel stronger. x2
The gnoll shouts!
The gnoll barely misses you. You furiously retaliate!
You headbutt the gnoll!
You see here a +0 flail.
You hit the gnoll.
You kill the gnoll!
The gnoll hits you with a +0 club.
You closely miss the gnoll.
The gnoll hits you from afar with a +0 spear.
The gnoll barely misses you.
You hit the gnoll.
The gnoll is moderately wounded.
You block the gnoll's attack. The gnoll hits you with a +0 club.
You block the gnoll's attack.
The gnoll hits you from afar with a +0 spear.
* * * LOW HITPOINT WARNING * * *
You are too injured to fight recklessly!
You barely miss the gnoll.
You headbutt the gnoll, but do no damage.
The gnoll is moderately wounded.
The gnoll barely misses you. You block the gnoll's attack.
You are too injured to fight recklessly!
You hit the gnoll.
The gnoll is severely wounded.
You block the gnoll's attack. x2; The gnoll hits you with a +0 club.
* * * LOW HITPOINT WARNING * * *
The gnoll hits you but does no damage.
You are too injured to fight recklessly!
You hit the gnoll but do no damage. You headbutt the gnoll.
You kill the gnoll!
The gnoll hits you from afar with a +0 spear.
* * * LOW HITPOINT WARNING * * *
You block the gnoll's attack.
Your Armour skill increases to level 4!
You aren't carrying any items that you can evoke.
Unknown command.
It was a potion of lignification.
You turn into a tree.
Your +0 scale mail melds into your body.
Your roots penetrate the ground.
The gnoll hits you from afar with a +0 spear.
You die...

### ... #.#
... #.# #g#
#)#
##########
#♣# #
#........#
#.#
####........#
#.#
............#
#.#
###.........#
#.#
##........#
#.#########
#......[.#
#..........
#.†......#
#..########
#..#######
#..#


You could see a gnoll.

Vanquished Creatures
  3 gnolls (D:2)
  A worm (D:2)
  A dart slug (D:1)
  2 endoplasms (D:1)
  A giant cockroach (D:2)
  2 goblins (D:1)
  2 hobgoblins
  3 kobolds (D:1)
  4 quokkas
  A ball python (D:1)
  A bat (D:1)
  A frilled lizard (D:1)
  A rat (D:1)
23 creatures vanquished.

Notes
Turn   | Place    | Note
-------+----------+-------------------------------------------
     0 | D:1      | Flugslaktarn the Minotaur Fighter began the quest for the
                  | Orb.
     0 | D:1      | Reached XP level 1. HP: 19/19 MP: 0/0
   360 | D:1      | Reached XP level 2. HP: 27/27 MP: 1/1
   376 | D:1      | Found Obimeis's Book Boutique.
  1114 | D:2      | Reached XP level 3. HP: 24/33 MP: 2/2
  1122 | D:2      | Slain by a gnoll

Illustrated notes

Levels and vault maps discovered:
D:1:      dpeg_arrival_three_same_balls, layout_basic, serial_shops, shop,
          minmay_misc_feat_x
D:2:      layout_basic, basic_altar, serial_forest, infiniplex_forest_lined_1,
          infiniplex_forest_clump_tiny, infiniplex_forest_clump_curved,
          infiniplex_forest_clump_cross, infiniplex_forest_clump_double,
          minmay_rat_hole

Skill      XL: |  1  2  3 |
---------------+----------+-----
Axes           | 3 |  3.5
Shields        | 4 |  4.3
Fighting       | 4 |  4.1
Armour         | 4 |  4.0

Action                     || total
---------------------------++-------
  Melee: War axe           ||    50
         Headbutt          ||     8
    Use: Potion            ||     1
 Armour: Scale mail        ||    34
         Skin              ||     1
  Dodge: Dodged            ||     8
  Block: Tower shield      ||    28
         Buckler           ||     2

Table legend: (Time is in decaauts)
 A = Elapsed time spent in this place.
 B = Non-inter-level travel time spent in this place.
 C = Inter-level travel time spent in this place.
 D = Time resting spent in this place.
 E = Time spent auto-exploring this place.
 F = Levels seen in this place.
 G = Mean time per level.
                   A        B        C        D        E       F      G
               +--------+--------+--------+--------+--------+-----+--------+
         Total |   1152 |   1106 |     46 |      0 |    944 |   2 |  576.0 |
       Dungeon |   1152 |   1106 |     46 |      0 |    944 |   2 |  576.0 |
               +--------+--------+--------+--------+--------+-----+--------+

Top non-repeatable levels by time:
     D:1: 938 daAuts
     D:2: 213 daAuts
